 Dungeon Crawl Stone Soup version 0.18-a0-1788-g92de1ac (webtiles) character file.

317 macross the Covert (level 6, -3/30 HPs)
             Began as a Spriggan Assassin on Apr 21, 2016.
             Slain by a goblin
             ... wielding a +0 club
             ... led by Robin
              (5 damage)
             ... on level 3 of the Dungeon.
             The game lasted 00:15:50 (3336 turns).

macross the Covert (Spriggan Assassin)              Turns: 3336, Time: 00:15:50

Health: -3/30      AC:  3    Str:  8    XL:     6   Next: 20%
Magic:  7/7        EV: 24    Int: 12    God:
Gold:   160        SH:  0    Dex: 23    Spells: 0 memorised, 5 levels left

rFire  . . .     SeeInvis +     a - +2 dagger
rCold  . . .     Gourm    .     s - +0 robe
rNeg   . . .     Faith    .     (shield restricted)
rPois  .         Spirit   .     (helmet restricted)
rElec  .         Dismiss  .     d - +0 cloak
rCorr  .         Reflect  .     (gloves unavailable)
SustAt .         Harm     +     (boots unavailable)
MR     +....                    e - amulet of harm
Stlth  +++++.....               (no ring)
                                v - +4 ring of dexterity

@: very quick, somewhat resistant to hostile enchantments, quite stealthy
A: unfitting armour, see invisible, herbivore 3, speed 3, slow metabolism 2
a: no special abilities


You were on level 3 of the Dungeon.
You were full.

You visited 1 branch of the dungeon, and saw 4 of its levels.

You collected 160 gold pieces.

Inventory:

Hand Weapons
 a - a +2 dagger (weapon)
 b - a +0 blowgun
 u - a +1 flail of holy wrath
Missiles
 f - 2 curare-tipped needles
 j - a poisoned needle (quivered)
Armour
 c - a +0 robe
 d - a +0 cloak (worn)
 s - a +0 robe (worn)
Jewellery
 e - an amulet of harm (around neck)
 m - an uncursed amulet of the gourmand
 v - a +4 ring of dexterity (left hand)
 y - an uncursed ring of stealth {unknown}
Wands
 w - a wand of iceblast (14/15)
Scrolls
 g - a scroll of enchant weapon {unknown}
 i - a scroll of fear {unknown}
 l - a scroll of immolation {unknown}
 o - 2 scrolls of magic mapping
 p - a scroll of enchant armour {unknown}
 q - a scroll of blinking {unknown}
Potions
 t - a potion of agility {unknown}
 x - a potion of lignification {unknown}
Comestibles
 h - 5 fruits
 r - a bread ration


   Skills:
 + Level 2.2 Fighting
 + Level 2.9 Short Blades
 + Level 2.6 Throwing
 + Level 6.0 Dodging
 + Level 8.0 Stealth


You had 5 spell levels left.
You didn't know any spells.

Dungeon Overview and Level Annotations

Branches:
Dungeon (4/15)
 Temple: D:4-7

Altars:
Ashenzari
Qazlal

Annotations:
D:3 Robin


Innate Abilities, Weirdness & Mutations

You are tiny and cannot use many weapons and most armour.
You have supernaturally acute eyesight.
You are a herbivore.
You cover ground extremely quickly.
You need consume almost no food.


Message History

You hit Robin.
Robin is heavily wounded.
The goblin misses you. The goblin closely misses you. Robin misses you.
You hit Robin.
Robin is severely wounded.
The goblin closely misses you. The goblin hits you with a club.
Robin hits you with a whip of venom.
* * * LOW HITPOINT WARNING * * *
You hit Robin.
Robin is severely wounded.
The goblin hits you but does no damage. Robin throws the goblin at you!
* * * LOW HITPOINT WARNING * * *
The goblin hits you with a club.
* * * LOW HITPOINT WARNING * * *
The goblin completely misses you. The goblin completely misses you.
The goblin closely misses you. Robin throws the goblin at you!
The goblin hits you with a club.
You die...

#..#.....#.#.#.###
#..#.....#.......#
#..#[....#.###.#.# #)'#.....##
###.# ##..#.....### #.# ##.
##...#.......### #.# #.#.
##....#####.#.#.###.#
...#.##.........#.#....##.#####
......'.....g...@g............#
...###.......g..####...##.###.#
#.## ##........## ##.###.# ###
####......## #.....#
#........## #.##### #..####..#
#.# #.# ###..###### #.# #..#
#.......... .. #.#.#
#.#..######


You could see Robin and 2 goblins.

Vanquished Creatures
  Edmund (D:4)
  A scorpion (D:4)
  A hound (D:4)
  A worker ant (D:4)
  4 adders
  2 adder skeletons (D:4)
  A worm (D:2)
  A dart slug (D:2)
  2 giant geckos
  An orc (D:3)
  5 bats
  3 giant cockroaches
  10 goblins
  4 hobgoblins
  3 jackals (D:4)
  A quokka (D:3)
  A giant newt (D:1)
  6 kobolds
  5 rats
53 creatures vanquished.

Notes
Turn   | Place    | Note
--------------------------------------------------------------
     0 | D:1      | macross the Spriggan Assassin began the quest for the Orb.
     0 | D:1      | Reached XP level 1. HP: 10/10 MP: 2/2
    54 | D:1      | Reached skill level 6 in Stealth
    99 | D:1      | Reached XP level 2. HP: 9/15 MP: 3/3
   374 | D:3      | Noticed a crimson imp
  1331 | D:2      | Reached XP level 3. HP: 11/18 MP: 4/4
  1585 | D:2      | Found a shattered altar of Ashenzari.
  1655 | D:2      | Reached skill level 7 in Stealth
  2341 | D:3      | Reached XP level 4. HP: 23/23 MP: 5/5
  2543 | D:4      | Reached XP level 5. HP: 26/26 MP: 6/6
  2750 | D:4      | Noticed Edmund
  2754 | D:4      | Killed Edmund
  2754 | D:4      | Reached skill level 5 in Dodging
  2754 | D:4      | Reached XP level 6. HP: 30/30 MP: 7/7
  2777 | D:4      | Reached skill level 8 in Stealth
  3050 | D:3      | Found a stormy altar of Qazlal.
  3213 | D:3      | Noticed Robin
  3336 | D:3      | Slain by a goblin

Vault maps used:
D:1:      scummos_arrival_checkerplants
D:2:      ashenzari_altar_1, first_bread
D:3:      grunt_qazlal_sundering, minmay_crystal_room, uniq_robin,
          uniq_crazy_yiuf_cottage
D:4:      tso_altar, kennysheep_small_circle, uniq_edmund

Skill      XL: |  1  2  3  4  5  6 |
---------------+-------------------+-----
Stealth        | 6 7 8 |  8.0
Dodging        | 2 3 4 5 6 |  6.0
Fighting       | 2 |  2.2
Short Blades   | |  2.9
Throwing       | |  2.6

Action                   |  1- 3 |  4- 6 || total
-------------------------+-------+-------++-------
Melee: Dagger            |   136 |    79 ||   215
 Fire: Blowgun           |     8 |       ||     8
  Use: Scroll            |     4 |     5 ||     9
       Potion            |     1 |       ||     1
 Stab: Sleeping          |     8 |     5 ||    13
  Eat: Bread ration      |     1 |       ||     1
Armor: Robe              |    24 |    18 ||    42
Dodge: Dodged            |    88 |   114 ||   202
